 Dungeon Crawl Stone Soup version 0.27.1-33-g824d729ab1 (console) character file.

Game seed: 8619734696533560375

25 Banquo the Skirmisher (level 3, -14/30 HPs)
             Began as a Djinni Chaos Knight on Dec 27, 2021.
             Was a Plaything of Xom.
             Demolished by a guardian serpent (shapeshifter) (21 damage)
             ... on level 1 of the Dungeon.
             The game lasted 00:02:12 (619 turns).

Banquo the Skirmisher (Djinni Chaos Knight)          Turns: 619, Time: 00:02:12

Health: -14/30     AC:  5    Str: 11    XL:     3   Next: 20%
Gold:   52         EV: 11    Int: 14    God:    Xom [.*....] SH:  0 Dex: 12

rFire    + + .     SeeInvis .   a - +0 falchion (chaos)
rCold    x . .     Faith    .   (no shield)
rNeg     . . .     Spirit   .   b - +2 leather armour
rPois    ∞         Reflect  .   (no helmet)
rElec    .         Harm     .   (no cloak)
rCorr    .         Rampage  .   (no gloves)
Will     .....                  (boots unavailable)
Stlth    +.........             (no amulet)
HPRegen  0.10/turn              (no ring)
MPRegen  0.00/turn              (no ring)

@: cleaving, flying
A: sickness immunity, fire resistance 2, cold vulnerability 1, float, innate
caster, hp casting, extra vitality 1
a: Renounce Religion


You were on level 1 of the Dungeon.
You worshipped Xom.
You were a plaything of Xom.
You visited 1 branch of the dungeon, and saw 1 of its levels.

You collected 52 gold pieces.

Inventory:

Hand Weapons
 a - a +0 falchion of chaos (weapon)
 d - a +0 hunting sling
Missiles
 c - 41 stones (quivered)
Armour
 b - a +2 leather armour (worn)


   Skills:
 + Level 3.0 Fighting
 * Level 2.2(2.8) Short Blades
 - Level 2.6(3.1) Long Blades
 + Level 1.0 Armour
 + Level 2.2 Dodging


You had one spell level left.
You knew the following spells:

 Your Spells              Type           Power      Damage    Failure   Level
a - Pain                  Necr           0%         1d4       36%         1
Your spell library was empty.

Dungeon Overview and Level Annotations

Branches:
Dungeon (1/15)

Altars:


Innate Abilities, Weirdness & Mutations

You are immune to sickness and miasma.
You are immune to poison.
Your flesh is very heat resistant. (rF++)
You are vulnerable to cold. (rC-)
You float through the air rather than walking.
You learn spells naturally, not from books.
Your magical power is your life essence.
You have superior vitality. (+4 HP)


Message History

You closely miss the jackal. The jackal bites you.
The jackal barely misses you.
You barely miss the jackal. The jackal misses you.
You riposte.
You hit the jackal.
The jackal changes into a shapeshifter!
Xom thinks this is hilarious!
You hit the shapeshifter.
The shapeshifter is lightly wounded.
The shapeshifter changes into a guardian serpent!
You hit the guardian serpent but do no damage.
Lightning courses through the guardian serpent!!
The guardian serpent is heavily wounded.
The guardian serpent hits you!!
Ouch! That really hurt!
* * * LOW HITPOINT WARNING * * *
You are too injured to fight recklessly!
Unknown command.
You aren't carrying any potions.
Unknown command.
Unknown command.
Unknown command.
Unknown command.
Press: ? - help, v - describe, . - travel
Here: a guardian serpent shaped shifter (heavily wounded)
The floor.
Unknown command.
Unknown command.
You hit the guardian serpent but do no damage.
The guardian serpent is heavily wounded.
The guardian serpent completely misses you.
You riposte.
You closely miss the guardian serpent.
The guardian serpent is heavily wounded.
The guardian serpent barely misses you.
You riposte.
You hit the guardian serpent.
You feel better.
The guardian serpent is heavily wounded.
You miss the guardian serpent.
The guardian serpent is heavily wounded.
The guardian serpent hits you!!
Ouch! That really hurt!
You die...
Xom laughs nastily!

###### ########....#
.....hS@.##.#
###########.# #.....#
#####'######
#......(...#
+..........#
#....†.....# ####
#..........# ######...
#...
#..........###.......#


You could see a guardian serpent shaped shifter and a jackal.

Vanquished Creatures
  A dart slug (D:1)
  An endoplasm (D:1)
  3 goblins (D:1)
  2 hobgoblins (D:1)
  2 jackals (D:1)
  A kobold (D:1)
  A quokka (D:1)
  3 ball pythons (D:1)
  3 bats (D:1)
  A frilled lizard (D:1)
  4 rats (D:1)
22 creatures vanquished.

Vanquished Creatures (collateral kills)
  A rat (D:1)
1 creature vanquished.

Grand Total: 23 creatures vanquished

Notes
Turn   | Place    | Note
-------+----------+-------------------------------------------
     0 | D:1      | Banquo the Djinni Chaos Knight began the quest for the Orb.
     0 | D:1      | Reached XP level 1. HP: 20/20 MP: 0/0
     4 | D:1      | XOM: silly message
   102 | D:1      | Reached skill level 1 in Short Blades
   129 | D:1      | XOM: enchant monster (bad)
   132 | D:1      | Reached XP level 2. HP: 25/25 MP: 0/0
   224 | D:1      | XOM: 2-stop teleportation journey
   520 | D:1      | Reached XP level 3. HP: 29/30 MP: 0/0
   520 | D:1      | Learned a level 1 spell: Pain
   552 | D:1      | XOM: polymorph rat -> quokka
   611 | D:1      | XOM: cleaving
   615 | D:1      | Noticed a shapeshifter
   615 | D:1      | a jackal changed into a shapeshifter
   616 | D:1      | Noticed a guardian serpent
   616 | D:1      | a shapeshifter changed into a guardian serpent
   619 | D:1      | Demolished by a guardian serpent (shapeshifter)

Illustrated notes

Levels and vault maps discovered:
D:1:      minmay_arrival_plants_in_alcoves, layout_basic,
          shapermc_ecumenical_altar_rom_forum

Skill      XL: |  1  2 |
---------------+-------+-----
Short Blades   | 1 2 |  2.2
Fighting       | |  3.0
Long Blades    | |  2.6
Armour         | |  1.0
Dodging        | |  2.2

Action                   || total
-------------------------++-------
Melee: Falchion          ||    61
 Stab: Sleeping          ||     1
Armor: Leather armour    ||    19
Dodge: Dodged            ||    35
       Rpst.: Falchion   ||    11
